Cogmind - Beta 11.1 @@@ ROGUE MODE // 2022.11.04 @ 15:45:00 Player: Timo Result: Destroyed by H-61 Shepherd with Heavy Assault Cannon Performance ------------- Evolutions (2) 1000 Regions Visited (4) 800 Robots Destroyed (36) 180 Value Destroyed (880) 880 Prototype IDs (1) 20 Alien Tech Used (0) 0 Bonus (164) 164 TOTAL SCORE: 3044 Bonus ------- High Alert Combat Kills 164 Cogmind --------- Core Integrity 0/550 Matter 105/300 Energy 100/100 System Corruption 0% Temperature Cool (0) Movement Core (50) Location -8/Materials Parts ------- > --- POWER (2) -------- (None) > --- PROPULSION (3) --- (None) > --- UTILITY (4) ------ Signal Interpreter Improved Signal Interpreter > --- WEAPON (2) ------- (None) > --- INVENTORY (5) ---- Light Deuterium Engine VSS Leg Improved Heat Sink Hacking Suite Long-range Tractor Beam Peak State ------------ > --- POWER ------------ Light Nuclear Core > --- PROPULSION ------- Flight Unit Cesium-ion Thruster > --- UTILITY ---------- Improved Heat Sink Reaction Control System Hacking Suite Long-range Tractor Beam > --- WEAPON ----------- Mini Grenade Launcher Mini Grenade Launcher > --- INVENTORY -------- Improved Ion Engine VSS Leg Signal Interpreter Improved Light Cannon [Rating: 23] Favorites ----------- Power Light Nuclear Core Engine Improved Ion Engine Power Core Light Nuclear Core Propulsion Light Treads Treads Light Treads Leg VSS Leg Hover Unit Improved Hover Unit Flight Unit Flight Unit Utility Signal Interpreter Device Improved Terrain Scanner Storage Small Storage Unit Processor Signal Interpreter Hackware Hacking Suite Weapon Heavy EM Shotgun Energy Gun Heavy EM Shotgun Ballistic Gun Light Assault Rifle Ballistic Cannon Improved Light Cannon Launcher Mini Grenade Launcher Build | -11 -10 -10 -9 -8 ------- Run | Scr Mat Min Mat Mat Slots Evolved 4 | . . . 2 2 Power 1 | . . . . 1 Propulsion 1 | . . . . 1 Utility 2 | . . . 2 . Weapon . | . . . . . Parts Attached 33 | . . 2 12 19 Power 7 | . . . 3 4 Engine 5 | . . . 3 2 Core 2 | . . . . 2 Reactor . | . . . . . Propulsion 11 | . . . 6 5 Treads 3 | . . . 3 . Leg 1 | . . . . 1 Wheel . | . . . . . Hover 2 | . . . . 2 Flight 5 | . . . 3 2 Utility 8 | . . 1 . 7 Device 5 | . . 1 . 4 Storage . | . . . . . Processor 2 | . . . . 2 Hackware 1 | . . . . 1 Protection . | . . . . . Artifact . | . . . . . Weapon 7 | . . 1 3 3 Energy Gun 1 | . . . . 1 Energy Cannon . | . . . . . Ballistic Gun 2 | . . 1 1 . Ballistic Cannon 1 | . . . . 1 Launcher 3 | . . . 2 1 Special Weapon . | . . . . . Impact Weapon . | . . . . . Slashing Weapon . | . . . . . Piercing Weapon . | . . . . . Special Melee Weapon . | . . . . . Unidentified Prototypes 1 | . . . . 1 Parts Lost 21 | . . 4 3 14 Power 1 | . . 1 . . Propulsion 8 | . . 1 1 6 Utility 5 | . . . 1 4 Weapon 7 | . . 2 1 4 Highest Loss Streak 5 | . . 4 3 5 To Critical Strikes . | . . . . . Average Slot Usage (%) 58 | . 85 55 64 53 Engine 4 | . 14 3 8 2 Core 3 | . . . . 5 Treads 4 | . . . 16 . Leg 6 | . 28 17 . 5 Hover 1 | . . . . 1 Flight 3 | . . . 4 3 Device 7 | . . 3 7 8 Storage 4 | . 14 14 9 . Processor 8 | . . . . 14 Hackware 1 | . . . . 2 Energy Gun 4 | . 14 1 . 5 Ballistic Gun 4 | . 14 15 10 . Launcher 4 | . . . 7 3 Naked Turns . | . . . . . Heaviest Build 17 | 12 12 11 17 12 Greatest Support 40 | 20 20 10 40 14 Greatest Overweight (x) 4 | . . 1 4 3 Average Overweight (x) . | . . . . . Largest Inventory Capacity 8 | . 8 8 8 5 Average Capacity 6 | . 8 8 7 5 Most Carried 7 | . 7 5 5 5 Average Carried 3 | . 5 4 2 4 Final Capacity 8 | 8 8 8 5 5 Final Carried 6 | 6 5 5 4 5 Class Distribution -------------------- 92% | Mutant 7% | Scavenger-Mutant Dominant Class ---------------- Mutant | -10/Materials Mutant | -10/Mines Mutant | -9/Materials Mutant | -8/Materials Resources | -11 -10 -10 -9 -8 ----------- Run | Scr Mat Min Mat Mat Matter Collected 751 | 200 7 28 193 323 Remotely 18 | . . . . 18 Salvage Created 621 | . 83 37 230 271 Parts 48 | . 3 1 21 23 Haulers Intercepted 1 | . . . . 1 Recyclers Shooed 3 | . . 1 . 2 Parts Field Recycled . | . . . . . Retrieved Matter . | . . . . . Parts Self-Destructed . | . . . . . Prevented . | . . . . . Kills | -11 -10 -10 -9 -8 ------- Run | Scr Mat Min Mat Mat Combat Hostiles Destroyed 29 | . 2 1 10 16 Guns 8 | . 2 1 4 1 Cannons 1 | . . . . 1 AOE 20 | . . . 6 14 Classes Destroyed 9 | . 1 . 6 2 Worker 2 | . . . 2 . Tunneler 1 | . . . . 1 Hauler 1 | . . . . 1 Recycler 1 | . . . 1 . Watcher 2 | . . . 1 1 Swarmer 14 | . . . 6 8 Grunt 10 | . 2 1 2 5 Duelist 1 | . . . 1 . Sentry 4 | . . . 1 3 Best Kill Streak 9 | . 2 1 5 9 Combat Bots Only 8 | . 2 1 4 8 Max Kills in Single Turn 2 | . 1 1 1 2 Gunslinging . | . . . . . Exploded 2 | . . . 1 2 Melee . | . . . . . Uniques/NPCs Destroyed . | . . . . . Combat | -11 -10 -10 -9 -8 -------- Run | Scr Mat Min Mat Mat Damage Taken 2531 | . 77 363 711 1380 Core 837 | . . 61 174 602 Absorbed by Shields . | . . . . . Core Remaining (%) 77 | 100 . 75 56 . Volleys Fired 119 | . 7 17 40 55 Largest 2 | . 2 2 2 2 Hottest 60 | . 60 60 50 60 Shots Fired 139 | . 15 24 44 56 Gun 80 | . 15 24 29 12 Cannon 20 | . . . . 20 Launcher 39 | . . . 15 24 Special . | . . . . . Kinetic 76 | . 8 19 29 20 Thermal 12 | . 7 5 . . Explosive 39 | . . . 15 24 Electromagnetic 12 | . . . . 12 Robot Hit Streak 14 | . 4 4 14 7 Robot Miss Streak 4 | . 2 3 4 4 Penetration Max . | . . . . . Secondary Targets 1 | . 1 . . . Max Gunslinging Chain 1 | . 1 . . . Shots Hit Robots 82 | . 9 16 28 29 Core Hits 73 | . 4 5 22 42 Critical Kills . | . . . . . Critical Parts Destroyed . | . . . . . Critical Strikes 1 | . . . . 1 Blast 1 | . . . . 1 Melee Attacks . | . . . . . Impact . | . . . . . Slashing . | . . . . . Piercing . | . . . . . Sneak Attacks . | . . . . . Combat Hostiles . | . . . . . Follow-up Attacks . | . . . . . Damage Inflicted 2863 | . 84 169 780 1830 Guns 545 | . 84 169 152 140 Cannons 274 | . . . . 274 Explosions 2038 | . . . 628 1410 Melee . | . . . . . Ramming 6 | . . . . 6 Kinetic 590 | . 40 124 152 274 Thermal 89 | . 44 45 . . Explosive 2038 | . . . 628 1410 Electromagnetic 140 | . . . . 140 Impact . | . . . . . Slashing . | . . . . . Piercing . | . . . . . Highest Corruption 4 | . 4 4 . . Average Corruption 3 | . 3 4 . . Corruption Purged . | . . . . . Corruption Blocked . | . . . . . Effects 7 | . 1 6 . . Message Errors 1 | . . 1 . . Matter Fused 1 | . . 1 . . Heat Flow Errors 1 | . . 1 . . Energy Discharges 1 | . . 1 . . Misfires 1 | . 1 . . . Alerts 1 | . . 1 . . Weapon Failures 1 | . . 1 . . Overload Shots . | . . . . . Overflow Damage 131 | . . . 1 130 Projectiles . | . . . . . Explosions 131 | . . . 1 130 Melee . | . . . . . Knockbacks 1 | . . . . 1 Impact . | . . . . . Kinetic 1 | . . . . 1 Secondary . | . . . . . Self-Inflicted Damage 287 | . . . 129 158 Shots 9 | . . . 4 5 Rammed . | . . . . . Targets Rammed 3 | . . . . 3 Kicked 3 | . . . . 3 Crushed . | . . . . . Highest Temperature 247 | . 70 247 4 69 Average Temperature 55 | . 32 100 3 20 Received Heat Transfer 906 | . 42 222 75 567 Siege Activations . | . . . . . Robots Corrupted . | . . . . . Combat Hostiles . | . . . . . Parts Fried . | . . . . . Impact Corruptions . | . . . . . Robots Melted . | . . . . . Combat Hostiles . | . . . . . Parts Melted . | . . . . . Heat Transferred 200 | . 100 100 . . Parts Sabotaged . | . . . . . Parts Stolen . | . . . . . Parts Stripped . | . . . . . Power Chain Reactions . | . . . . . Missiles Intercepted . | . . . . . Alert | -11 -10 -10 -9 -8 ------- Run | Scr Mat Min Mat Mat Peak Influence 846 | . 40 20 461 846 Initial 175 | . . 15 7 175 Average 425 | . 18 16 239 582 Maximum Alert Level 3 | . . . 2 3 Low Security (%) 22 | . 100 100 28 4 Level 1 19 | . . . 58 6 Level 2 48 | . . . 13 72 Level 3 10 | . . . . 16 Level 4 . | . . . . . Level 5 . | . . . . . High Security . | . . . . . Max Security . | . . . . . Squads Dispatched 4 | . . . . 4 Investigation . | . . . . . Extermination . | . . . . . Reinforcement 4 | . . . . 4 Assault . | . . . . . Garrison . | . . . . . Intercept . | . . . . . Searches Triggered . | . . . . . Construction Impeded 1 | . . . . 1 Haulers Reinforced . | . . . . . Active Scanning Responses . | . . . . . Cargo Convoy Interrupts . | . . . . . Stealth | -11 -10 -10 -9 -8 --------- Run | Scr Mat Min Mat Mat Distress Signals 2 | . . . 1 1 Communications Jammed . | . . . . . Distress Signals . | . . . . . Times Spotted 58 | . 2 2 21 33 Peak Tracking Total 8 | . 2 2 5 8 Tactical Retreats 4 | . . . 1 3 Traps | -11 -10 -10 -9 -8 ------- Run | Scr Mat Min Mat Mat Traps Triggered 2 | . 2 . . . Indirectly . | . . . . . Trap Hack Attempts . | . . . . . Triggered . | . . . . . Disarmed . | . . . . . Reprogrammed . | . . . . . Reused . | . . . . . Traps Extracted . | . . . . . Installed . | . . . . . Triggered . | . . . . . Machines | -11 -10 -10 -9 -8 ---------- Run | Scr Mat Min Mat Mat Machines Disabled 5 | . . . . 5 Max in Single Turn 2 | . . . . 2 Machines Sabotaged . | . . . . . Garrisons Compromised . | . . . . . Overloaded Fab Kills . | . . . . . Hacking | -11 -10 -10 -9 -8 --------- Run | Scr Mat Min Mat Mat Machines Accessed 10 | . 1 2 4 3 Terminals 7 | . 1 2 3 1 Fabricators . | . . . . . Repair Stations . | . . . . . Recycling Units 1 | . . . . 1 Scanalyzers 2 | . . . 1 1 Garrison Access . | . . . . . Total Hacks 29 | . 3 4 14 8 Successful 15 | . 1 . 9 5 Failed 14 | . 2 4 5 3 Catastrophic 2 | . 1 . 1 . Database Lockouts . | . . . . . Manual 7 | . 2 1 4 . Terminals 20 | . 3 4 10 3 Fabricators . | . . . . . Repair Stations . | . . . . . Recycling Units 2 | . . . . 2 Scanalyzers 7 | . . . 4 3 Garrison Access . | . . . . . Terminal Hacks 8 | . 1 . 5 2 Alert Level 1 | . . . 1 . Locate Traps 1 | . . . 1 . Dispatch Records 2 | . . . 2 . Hauler Manifests 2 | . 1 . . 1 Zone Layout 2 | . . . 1 1 Fabricator Hacks . | . . . . . Repair Station Hacks . | . . . . . Recycling Unit Hacks 1 | . . . . 1 Report Inventory 1 | . . . . 1 Scanalyzer 6 | . . . 4 2 Insert Component 3 | . . . 2 1 Analyze 3 | . . . 2 1 Garrison Access Hacks . | . . . . . Unauthorized Hacks . | . . . . . Terminals . | . . . . . Fabricators . | . . . . . Repair Stations . | . . . . . Recycling Units . | . . . . . Scanalyzers . | . . . . . Garrison Access . | . . . . . Data Cores Recovered . | . . . . . Used . | . . . . . Hacking Detections 10 | . 1 2 4 3 Full Trace Events . | . . . . . Feedback Events . | . . . . . Feedback Blocked . | . . . . . Robot Schematics Acquired . | . . . . . Robots Built . | . . . . . Authchips . | . . . . . Time . | . . . . . Total Robot Build Rating . | . . . . . Part Schematics Acquired 3 | . . . 2 1 Parts Built . | . . . . . Authchips . | . . . . . Time . | . . . . . Total Part Build Rating . | . . . . . Parts Repaired . | . . . . . Time . | . . . . . Parts Recycled . | . . . . . Recycled Matter . | . . . . . Retrieved Matter . | . . . . . Retrieved Components . | . . . . . Parts Scanalyzed 3 | . . . 2 1 Part Schematics Acquired 3 | . . . 2 1 Parts Damaged . | . . . . . Bothacking | -11 -10 -10 -9 -8 ------------ Run | Scr Mat Min Mat Mat Used RIF Installer . | . . . . . Robots Hacked . | . . . . . Non-combat . | . . . . . Combat . | . . . . . Robot Hacks Applied . | . . . . . Relay Couplers Released . | . . . . . Fabnet Peak Effective % . | . . . . . Robots Rewired . | . . . . . Allies Hacked . | . . . . . Hacks Repelled . | . . . . . Allies | -11 -10 -10 -9 -8 -------- Run | Scr Mat Min Mat Mat Total Allies . | . . . . . Largest Group . | . . . . . Highest-Rated Group . | . . . . . Highest-Rated Ally . | . . . . . Total Orders . | . . . . . Ally Attacks . | . . . . . Total Damage . | . . . . . Kills . | . . . . . Allies Corrupted . | . . . . . Allies Melted . | . . . . . Intel | -11 -10 -10 -9 -8 ------- Run | Scr Mat Min Mat Mat Robot Analysis Total . | . . . . . Derelict Logs Recovered . | . . . . . Drone Launches . | . . . . . Drone Recoveries . | . . . . . Exploration | -11 -10 -10 -9 -8 ------------- Run | Scr Mat Min Mat Mat Turns Passed 1789 | . 96 115 474 1104 Spaces Moved 1073 | 1 61 60 377 574 Core 110 | . . . 1 109 Treads 184 | . . . 184 . Legs 265 | 1 61 60 . 143 Wheels . | . . . . . Hover 116 | . . . . 116 Flight 398 | . . . 192 206 Fastest Speed 34 | 120 120 120 37 34 Average Speed 80 | 120 120 121 97 60 Slowest Speed 250 | 120 120 190 250 200 Overloaded Moves . | . . . . . Propulsion Burnouts . | . . . . . Robots Hopped 2 | . . . 2 . Cave-ins Triggered . | . . . . . Exploration Rate (%) 21 | 1 17 7 34 46 Regions Visited 4 Branch Regions 1 Pre-discovered Areas . | . . . . . Known Exits Taken . | . . . . . Unknown Exits Taken 4 | 1 1 1 1 . Scrap Searched 1 | . . 1 . . Spaces Dug 29 | . . . 15 14 Terrain Destroyed 277 | . . . 108 169 Melee . | . . . . . Projectile 1 | . . . . 1 AOE 276 | . . . 108 168 Terrain Rammed . | . . . . . Walls Destroyed . | . . . . . Machines Disabled . | . . . . . Actions | -11 -10 -10 -9 -8 --------- Run | Scr Mat Min Mat Mat Total 1867 | . 72 81 443 1271 Wait 609 | . 2 2 4 601 Move 1065 | . 60 59 372 574 Hop 2 | . . . 2 . Pick Up 16 | . 1 1 4 10 Fast Attach 12 | . . 1 5 6 Attach 19 | . . 1 7 11 Detach 7 | . . . 3 4 Swap 2 | . . . . 2 Drop 11 | . 2 . 6 3 Fire 119 | . 7 17 40 55 Melee . | . . . . . Ram . | . . . . . Kick 3 | . . . . 3 Crush . | . . . . . Escape Stasis . | . . . . . Rewire 2 | . . . . 2 Trap . | . . . . . Miscellaneous . | . . . . . Route ------- -11/Scrapyard -10/Materials -10/Mines -9/Materials (discovered 2 exits: *Mat / [*Min]) -8/Materials History --------- Turn | Location | Event 1 | -11/Scrapyard | Discovered new exit (range 0) 1 | -11/Scrapyard | Entered Materials 79 | -10/Materials | Discovered new exit (range 9) 97 | -10/Materials | Entered Mines 158 | -10/Mines | Lost 4 parts (1p1n2w) 175 | -10/Mines | Discovered new exit (range 8) 212 | -10/Mines | Entered Materials 212 | -9/Materials | Evolved 2 slots: Utility x2 304 | -9/Materials | Build established: Mutant 587 | -9/Materials | Lost 3 parts (1n1u1w) 641 | -9/Materials | Discovered new exit (range 16) 677 | -9/Materials | Discovered new exit (range 10) 686 | -9/Materials | Entered another Materials area 686 | -8/Materials | Evolved 2 slots: Power x1, Propulsion x1 890 | -8/Materials | Lost 5 parts (4n1u) 936 | -8/Materials | Destroyed 8 combat bots 973 | -8/Materials | Core integrity fell below 50% 1085 | -8/Materials | Lost 5 parts (2n1u2w) 1770 | -8/Materials | Core integrity fell below 20% 1790 | -8/Materials | Destroyed by H-61 Shepherd with Heavy Assault Cannon Last Messages --------------- 01163_ Connecting with Recycling Unit... 01164_ K-01 Serf cleans the Processing Tank. 01186_ Connecting with Scanalyzer... >>Insert(Lgt. Deuterium Engine) Scanning Lgt. Deuterium Engine... Ready to analyze. >>Scanalyze Scanning: Lgt. Deuterium Engine... Schematic downloaded. 01190_ ALERT: Suspicious intruders detected, dispatching Specialist reinforcements to area. 01216_ Acquired Imp. Terrain Scanner. 01766_ Hadron Collector disabled. 01771_ G-50 Soldier misfires. 01776_ Hvy. EM Shotgun destroyed. 01777_ Kicked G-47 Trooper. 01777_ Imp. Terrain Scanner destroyed. 01778_ Kicked G-47 Trooper out of the way. 01779_ Kicked G-47 Trooper. 01781_ Dropped Lgt. Nuclear Core. Map ----- +----------------------------------------------------+ | ?????????????????????## ########### # # | | ??????????????????????# ## # # # | | ??????????????????????# ##""" # # # | | ??????????????????????# ##""" # # """ # | | ??????????????????????# ##""" # # """ # | | ??????????????????????# ##""" + + """ # | | ??????????????????????# ## # # # | | ??????????????????????# ## # # "" # | | ??????????????????????# ## # # S"" # | | ??????????????????????# ?# # # "" # | | ??????????????????????# ?########## # # | | ??????????????????????# ??????????# ####### | | ??????????????????????# ??????????# #####?? | | ?????????????????????## #??????? # ##?#?#? | | ????????????????????## / ????? ? # #???### | | ????????????????????? ????? ??# #??##?? | | ????????????????????? H ???"?? # #?????? | | ?????????????????????? ??""" ? ?# #?##??# | | ?????????????????????? ????? ? # #???##? | | ??????????????????????# #??? ?? ??# #?????? | | ??????????????????????# #?????##### ####### | | ??????????????????????# #??? ?????# # # | | ??????????????????????+ + ??? ???# # "" # | | ??????????????????????# # ? ?? ?## # "" # | | ??????????????????????# ########### /* "" # | | ??????????????????????# @ k # "" # | | ??????????????????????#% # # | | ??????????????????????# #= # | | ??????????????????????#k ############+######## | | ??????????????????? / #??#????# ?#?# | | ???????????????? # #?#???#?# """"" !##?# | | ???????????????# # #???##??# """"" #?#? | | ???????????????# ?# ##?#?#??# """"" #?## | | ???????????????#####??# #??#?#??# #??? | | ??????????????????????# ??#?????# """"" #?## | | ??????????????????????# ????????# """"" #??# | | ?????????????????????? ????#???????""? ?##?? | | ?????????????????????? ??????##? ?? ? ?#?## | | ????????????????????? ????????####?#?#??### | | ????????????????????? ??????###??###?#????? | | ?????????????????????? ??????#??#??###???#?# | | ?????????????????????????????????????#?#??????# | | ????????????????????????????????????#??##?#?#?? | | ?????????????????????????????????????????#????? | | ??????????????????????????????????????????????? | | ??????????????????????????????????????????????? | | ??????????????????????????????????????????????? | | ??????????????????????????????????????????????? | | ??????????????????????????????????????????????? | | ??????????????????????????????????????????????? | +----------------------------------------------------+ Best States ------------- Heat Dissipation 31 Energy Generation 14 Energy Capacity 265 Matter Stores 300 Matter Capacity 300 Sight Range 16 Terrain Scan Range 16 Terrain Scan Density 10 Evasion (%) 71 Recoil Reduction 2 Offensive Hacking 10 Item Schematics ----------------- Grenade Launcher | -9/Materials | Scanalyzed Imp. Heat Sink | -9/Materials | Scanalyzed Lgt. Deuterium Engine | -8/Materials | Scanalyzed Robot Schematics ------------------ None Fabricated ------------ Nothing Alien Tech Used ----------------- None Achievements -------------- None Challenges ------------ None Game ------ Seed ThunderAssemblyBarrier Manual? 0 Play Time 00:31:50 Cumulative 72.6 hours Start 2022.11.04 @ 15:16:57 End 2022.11.04 @ 15:45:00 Sessions 1 Manual Loads 0 Difficulty Rogue Special Mode None Game No. 62 Rogue 62 Adventurer 0 Explorer 0 Win Type - Total 0 Types 0/0/0/0/0/0/0/0/0 Lore% 38 Gallery% 48 Achievement% 33 Wizard Run 0 Options --------- ASCII 0 Keyboard 0 Movement Numpad Keybinds 0 Fullscreen 2 Font 18/SmallcapsGlow Map View 76x50 Tactical HUD 1 Map Filters NONE Filters NONE Steam 1 RUN: ab753c6e-0b48-45a5-9b5f-9ce42d91c236